AoeStats
← | ArCas | Toruk Makto

African Clearing

504300932Analyzed
4v4 RM · 27d ago on Sep 4, 2026· 39m 37s· 8 players
Game mode
Random Map
Map size
Large (8 player)
Population
200
Speed
Normal
Resources
Standard
Victory
Conquest
Starting age
Dark Age
Ending age
Imperial Age
RankedLock teamsTeams togetherTeam positionsShared explorationLock speedFull tech treeHidden civsTurbo modeCheats
Victory
Defeat
🇨🇭 Bulgarians · Switzerland
1421
+11
🇺🇸 Aztecs · United States
1384
+13
🇵🇾 Turks · Paraguay
1380
+13
🇦🇷 Khmer · Argentina
1351
+14
🇫🇮 Goths · Finland
1343
-14
🇫🇮 Vietnamese · Finland
1329
-13
🇫🇮 Berbers · Finland
1315
-13
🇫🇮 Persians · Finland
1278
-11
Monty
5:38 Loom
12:59 Feudal Age
16:58 Castle Age
14:48 Double-Bit Axe
19:53 Wheelbarrow
19:51 Bow Saw
19:52 Horse Collar
20:09 Gold Mining
21:04 Heavy Plow
27:48 Town Watch
29:15 Gold Shaft Mining
30:10 Scale Mail Armor
30:21 Forging
30:46 Hand Cart
31:14 Fletching
34:33 Imperial Age
33:17 Chain Mail Armor
35:05 Iron Casting
34:34 Capped Ram
35:38 Garland Wars
35:39 Conscription
36:22 Blast Furnace
36:41 Plate Mail Armor
36:08 Elite Jaguar Warrior
39:15 Siege Ram
Reis
6:26 Loom
12:55 Feudal Age
17:53 Castle Age
18:02 Double-Bit Axe
21:04 Fletching
22:00 Bodkin Arrow
| ArCas | Toruk Makto
13:22 Feudal Age
13:43 Loom
16:08 Castle Age
14:47 Loom
16:06 Bloodlines
17:06 Forging
18:54 Town Watch
22:48 Scale Barding Armor
25:18 Wheelbarrow
25:16 Double-Bit Axe
25:16 Horse Collar
27:09 Husbandry
31:05 Iron Casting
31:21 Scale Mail Armor
32:22 Heavy Plow
35:04 Chain Barding Armor
35:21 Gold Mining
36:54 Stone Mining
36:57 Fletching
37:14 Light Cavalry
DonNarko
4:59 Loom
13:38 Feudal Age
15:27 Double-Bit Axe
17:47 Castle Age
18:10 Wheelbarrow
19:37 Town Watch
19:40 Horse Collar
25:06 Hand Cart
25:45 Bow Saw
25:56 Heavy Plow
27:56 Fletching
28:06 Padded Archer Armor
28:33 Bodkin Arrow
29:05 Gold Mining
29:34 Leather Archer Armor
29:39 Bloodlines
30:24 Ballistics
30:43 Thumb Ring
32:32 Scale Barding Armor
33:33 Gold Shaft Mining
32:48 Stone Mining
36:30 Imperial Age
37:11 Husbandry
37:13 Bracer
37:35 Bombard Tower
36:40 Heavy Cavalry Archer
37:46 Parthian Tactics
38:29 Ring Archer Armor
39:22 Chain Barding Armor
Leakan
5:59 Loom
12:15 Feudal Age
13:49 Double-Bit Axe
17:56 Castle Age
16:06 Horse Collar
16:17 Gold Mining
18:11 Fletching
22:40 Bow Saw
25:48 Bodkin Arrow
Supernatural Puttato
4:21 Loom
14:36 Feudal Age
18:32 Castle Age
21:22 Double-Bit Axe
26:07 Horse Collar
28:52 Bow Saw
28:51 Gold Mining
30:14 Bloodlines
30:04 Husbandry
30:33 Husbandry
33:14 Scale Barding Armor
33:19 Forging
34:29 Chain Barding Armor
35:33 Stone Mining
35:49 Heavy Plow
37:44 Wheelbarrow
37:46 Gold Shaft Mining
39:02 Stone Shaft Mining
39:03 Hand Cart
39:42 Iron Casting
Potatismannen
3:51 Loom
13:13 Feudal Age
14:10 Double-Bit Axe
17:31 Castle Age
19:57 Pikeman
26:06 Wheelbarrow
27:01 Bow Saw
26:33 Horse Collar
29:10 Scale Mail Armor
29:15 Scale Barding Armor
30:20 Heavy Plow
30:11 Gold Mining
32:30 Bloodlines
32:41 Chain Barding Armor
32:32 Forging
34:25 Hand Cart
Ancalagon
3:21 Loom
14:06 Feudal Age
17:59 Castle Age
15:48 Double-Bit Axe
15:43 Horse Collar
18:06 Scale Mail Armor
18:01 Pikeman
19:05 Bow Saw
21:04 Town Watch
26:50 Man-at-Arms
27:38 Long Swordsman
28:44 Squires
32:25 Wheelbarrow
32:51 Chain Mail Armor
37:29 Imperial Age
37:35 Fletching
38:21 Bodkin Arrow
38:25 Two-Handed Swordsman
Connection lost

Rejoining the realm…

Still unreachable

The connection could not be restored.

Session expired

The server has moved on; the page needs a fresh start.